 Dungeon Crawl Stone Soup version 0.21.0-24-g2553a33 (webtiles) character file.

1344 mistymad the Digger (level 8, 0/54 HPs)
             Began as an Octopode Earth Elementalist on Jan 19, 2018.
             Slain by a bullfrog zombie (5 damage)
             ... in an ossuary.
             The game lasted 00:21:55 (7186 turns).

mistymad the Digger (Octopode Earth Elementalist)   Turns: 7186, Time: 00:21:56

Health: 0/54       AC:  1    Str:  7    XL:     8   Next: 62%
Magic:  14/24      EV: 13    Int: 19    God:
Gold:   47         SH:  0    Dex: 13    Spells: 1/16 levels left

rFire    . . .     SeeInvis .     - Unarmed
rCold    . . .     Gourm    .   (no shield)
rNeg     . . .     Faith    .   (helmet restricted)
rPois    .         Spirit   .   (no amulet)
rElec    .         Reflect  .   u - ring of magical power
rCorr    .         Harm     .   (no ring)
MR       .....                  (no ring)
Stlth    +++.......             (no ring)
HPRegen  0.18/turn              (no ring)
MPRegen  0.19/turn              (no ring)
                                (no ring)
                                (no ring)

@: no status effects
A: almost no armour, stealthy swim, amphibious, 8 rings, constrict 8, camouflage
1, gelatinous body 1
a: no special abilities


You were in an ossuary.
You were not hungry.

You visited 1 branch of the dungeon, and saw 6 of its levels.
You also visited: Sewer and Ossuary.

You collected 256 gold pieces.
You spent 209 gold pieces at shops.

Inventory:

Hand Weapons
 t - a +4 dagger of venom
Missiles
 b - 37 stones (quivered)
 l - 8 needles of sleeping
Jewellery
 u - a ring of magical power (left tentacle)
Wands
 h - a wand of iceblast (12)
Scrolls
 e - a scroll of fear {unknown}
 f - a scroll of enchant armour {unknown}
 n - a scroll of blinking {unknown}
 q - 2 scrolls of teleportation
 r - 2 scrolls of immolation
 s - a scroll of fog {unknown}
 w - a scroll of magic mapping
 y - a scroll of remove curse
Potions
 a - 5 potions of curing
 i - 2 potions of might {unknown}
 j - a potion of invisibility {unknown}
 k - a potion of magic {unknown}
 o - 4 potions of ambrosia
 p - 6 potions of flight
 v - a potion of heal wounds {unknown}
 x - 2 potions of degeneration {unknown}
 z - a potion of resistance {unknown}
 B - a potion of haste {unknown}
Books
 d - a book of Geomancy

   Spells                             Type                      Level
   a - Sandblast                      Earth                        1
   b - Passwall                       Transmutation/Earth          2
   c - Stone Arrow                    Conjuration/Earth            3
   d - Petrify                        Transmutation/Earth          4
   e - Lee's Rapid Deconstruction     Earth                        5
 m - a book of Cantrips

   Spells                             Type                      Level
   a - Confusing Touch                Hexes                        1
   b - Animate Skeleton               Necromancy                   1
   c - Summon Small Mammal            Summoning                    1
   d - Apportation                    Translocation                1
Comestibles
 c - 8 rations


   Skills:
 + Level 4.6 Fighting
 - Level 2.0 Dodging
 - Level 2.6 Stealth
 + Level 4.6 Unarmed Combat
 + Level 4.8 Spellcasting
 + Level 3.0 Transmutations
 + Level 5.7 Earth Magic


You had one spell level left.
You knew the following spells:

 Your Spells              Type           Power        Failure   Level  Hunger
a - Sandblast             Erth           ####..       1%          1    None
b - Passwall              Tmut/Erth      ###.......   3%          2    #......
c - Stone Arrow           Conj/Erth      ###...       12%         3    ##.....
d - Petrify               Tmut/Erth      ###.....     21%         4    ####...
e - Lee's Rapid Deconstr  Erth           ####......   32%         5    ######.


Dungeon Overview and Level Annotations

Branches:
Dungeon (6/15)
 Temple: D:4-7

Altars:
Dithmenos
Gozag
Hepliaklqana
Kikubaaqudgha
Makhleb
Nemelex Xobeh
Okawaru
Ru
Vehumet
Wu Jian
Zin
The Shining One

Shops:
D:4 *

Annotations:
D:3 melvinkitnick's ghost, amateur MiGl


Innate Abilities, Weirdness & Mutations

You cannot wear most types of armour.
You are very stealthy in the water. (Stealth+)
You are amphibious.
You can wear up to eight rings at the same time.
You can use your tentacles to constrict eight enemies at once.
Your skin changes colour to match your surroundings (Stealth+).
Your rubbery body absorbs attacks. (AC +1, EV +1)


Message History

b - 40 stones The mummy hits you!!
* * * LOW HITPOINT WARNING * * *
You take 18 damage, and have 10/54 hp.
MASSIVE DAMAGE!!
Aim: a mummy The blast of sand hits the mummy.
b - 39 stones You now have 16/24 mp.
Aim: a mummy (moderately damaged)
The blast of sand hits the mummy.
You destroy the mummy!
b - 38 stones You now have 15/24 mp.
Aim: a bullfrog zombie (moderately damaged)
The blast of sand hits the bullfrog zombie.
b - 37 stones The bullfrog zombie hits you.
* * * LOW HITPOINT WARNING * * *
The bullfrog zombie hits you.
You die...

# #####
+.#...#
#.Z@∩.#
#.≈≈#..∩#
##≈ #####
≈. #≈ #≈
#


You could see a bullfrog zombie.

Vanquished Creatures
  Menkaure (D:5)
  An ice beast (D:5)
  3 phantoms (D:5)
  An ogre (D:5)
  A bullfrog zombie (Ossuary)
  3 orc wizards (D:4)
  A hound (D:4)
  2 jellies (D:5)
  Jessica (D:3)
  An iguana (D:6)
  A merfolk siren (Sewer)
  7 worker ants
  A merfolk avatar (Sewer)
  6 mummies (Ossuary)
  A gnoll (D:1)
  A river rat (Sewer)
  9 adders
  2 oozes (D:1)
  3 worms
  A dart slug (D:1)
  5 leopard geckos
  12 orcs
  6 ball pythons
  14 bats
  5 giant cockroaches
  8 goblins
  8 hobgoblins
  6 kobolds
  A quokka (D:4)
  8 frilled lizards
  A leopard gecko skeleton (D:4)
  A leopard gecko zombie (Ossuary)
  29 rats
151 creatures vanquished.

Notes
Turn   | Place    | Note
-------+----------+-------------------------------------------
     0 | D:1      | mistymad the Octopode Earth Elementalist began the quest for the Orb.
     0 | D:1      | Reached XP level 1. HP: 11/11 MP: 3/3
   159 | D:1      | Reached XP level 2. HP: 13/18 MP: 5/5
   368 | D:1      | Reached skill level 1 in Fighting
   448 | D:1      | Reached skill level 1 in Unarmed Combat
   448 | D:1      | Reached XP level 3. HP: 23/23 MP: 3/6
  1173 | D:2      | Learned a level 2 spell: Passwall
  1177 | D:2      | Learned a level 3 spell: Stone Arrow
  1281 | D:2      | Found a shadowy altar of Dithmenos.
  1355 | D:2      | Found a glowing golden altar of the Shining One.
  1355 | D:2      | Found an iron altar of Okawaru.
  1361 | D:2      | Reached XP level 4. HP: 17/28 MP: 7/7
  1487 | D:2      | Found a hazy altar of Hepliaklqana.
  1488 | D:2      | Found an opulent altar of Gozag.
  1488 | D:2      | Found a sparkling altar of Nemelex Xobeh.
  1489 | D:2      | Found a sacrificial altar of Ru.
  1489 | D:2      | Found a radiant altar of Vehumet.
  1493 | D:2      | Found an ornate altar of the Wu Jian Council.
  2058 | D:3      | Found a glowing drain.
  2133 | Sewer    | Entered a sewer
  2393 | Sewer    | Reached XP level 5. HP: 33/34 MP: 6/9
  2685 | Sewer    | Reached skill level 4 in Earth Magic
  2705 | Sewer    | Noticed a malarious merfolk avatar
  2739 | Sewer    | Killed a malarious merfolk avatar
  3057 | D:3      | Found a glowing silver altar of Zin.
  3127 | D:3      | Noticed Jessica
  3130 | D:3      | Killed Jessica
  3130 | D:3      | Reached XP level 6. HP: 41/41 MP: 10/10
  3166 | D:3      | Noticed melvinkitnick's ghost (amateur MiGl)
  3390 | D:3      | HP: 2/41 [melvinkitnick's ghost (5)]
  4356 | D:4      | Found an ancient bone altar of Kikubaaqudgha.
  4462 | D:4      | Found Paamacota's Assorted Antiques.
  4505 | D:4      | Bought a scroll labeled TOSIWK NICUS for 31 gold pieces
  4505 | D:4      | Bought an amethyst potion for 27 gold pieces
  4505 | D:4      | Bought a scroll labeled RUNIMM BOAC for 31 gold pieces
  4505 | D:4      | Bought a murky puce potion for 27 gold pieces
  4505 | D:4      | Bought a scroll of teleportation for 93 gold pieces
  4512 | D:4      | Learned a level 4 spell: Petrify
  4624 | D:4      | Reached XP level 7. HP: 39/46 MP: 0/12
  4968 | D:5      | Entered Level 5 of the Dungeon
  4968 | D:5      | Noticed Menkaure
  4973 | D:5      | Killed Menkaure
  5324 | D:5      | Reached skill level 5 in Earth Magic
  5608 | D:5      | Reached XP level 8. HP: 54/54 MP: 9/14
  5757 | D:5      | Learned a level 5 spell: Lee's Rapid Deconstruction
  6014 | D:5      | Found a burning altar of Makhleb.
  6639 | D:3      | HP: 2/54 [adder (2)]
  7121 | D:6      | Found a sand-covered staircase.
  7126 | Ossuary  | Entered an ossuary
  7186 | Ossuary  | Slain by a bullfrog zombie

Skill      XL: |  1  2  3  4  5  6  7  8 |
---------------+-------------------------+-----
Fighting       | 1 2 3 4 |  4.6
Unarmed Combat | 1 2 3 4 |  4.6
Spellcasting   | 3 4 |  4.8
Earth Magic    | 4 5 |  5.7
Transmutations | 2 3 |  3.0
Dodging        | |  2.0
Stealth        | |  2.6

Action                   |  1- 3 |  4- 6 |  7- 9 || total
-------------------------+-------+-------+-------++-------
Melee: Unarmed           |    85 |   127 |    41 ||   253
       Constrict         |    25 |    30 |     9 ||    64
       Tentacles         |    17 |    24 |    12 ||    53
       Punch             |     2 |     1 |       ||     3
 Cast: Sandblast         |     8 |    80 |    93 ||   181
       Stone Arrow       |       |     3 |       ||     3
       Petrify           |       |       |     6 ||     6
  Use: Scroll            |       |     4 |     4 ||     8
       Potion            |       |       |     2 ||     2
 Stab: Sleeping          |     9 |    14 |     3 ||    26
       Petrified         |       |       |    10 ||    10
       Petrifying        |       |       |     2 ||     2
  Eat: Chunk             |     1 |    11 |     6 ||    18
       Ration            |       |       |     1 ||     1
Armor: Skin              |    20 |    14 |     2 ||    36
Dodge: Dodged            |    78 |    82 |    58 ||   218
